 Dungeon Sprint DCSS version 0.18.1-48-g4cf74bf (webtiles) character file.

1031 tyranidshit the Fighter (level 8, -7/102 HPs)
             Began as a Troll Berserker on July 22, 2016.
             Was an Elder of Trog.
             Mangled by a six-headed hydra (8 damage)
             ... in the Dungeon (Sprint IX: "|||||||||||||||||||||||||||||").
             The game lasted 00:02:34 (252 turns).

tyranidshit the Fighter (Troll Berserker)            Turns: 252, Time: 00:02:35

Health: -7/102     AC: 10    Str: 31    XL:     8   Next: 3%
Magic:  7/7        EV: 12    Int:  3    God:    Trog [****..]
Gold:   0          SH:  0    Dex: 12    Spells: 0 memorised, 7 levels left

rFire  . . .     SeeInvis .     o - +2 scimitar (protect)
rCold  . . .     Gourm    +     b - +0 animal skin
rNeg   . . .     Faith    .     (no shield)
rPois  .         Spirit   .     (helmet restricted)
rElec  .         Dismiss  .     (no cloak)
rCorr  .         Reflect  .     (gloves unavailable)
SustAt .         Harm     .     (boots unavailable)
MR     .....     NoTele   +     (no amulet)
Stlth  +.........               n - +3 ring of dexterity
                                m - +3 ring of strength

@: not resistant to hostile enchantments, very unstealthy
A: unfitting armour, claws 3, fast metabolism 3, gourmand, regeneration 2,
shaggy fur 1, tough skin 2
a: Berserk, Trog's Hand, Brothers in Arms, Burn Spellbooks, Renounce Religion


You were in the Dungeon.
You worshipped Trog.
Trog was greatly pleased with you.
You were hungry.

You visited 1 branch

Inventory:

Hand Weapons
 a - a +0 hand axe
 c - the +2 rapier "Jirex" {drain, rPois rC+ Str+5}
   (You found it in the Dungeon)

   A truly terrible weapon, it drains the life of those it strikes.
   It affects your strength (+5).
   It protects you from cold.
   It protects you from poison.
 o - a +2 scimitar of protection (weapon)
Armour
 b - a +0 animal skin (worn)
Jewellery
 m - a +3 ring of strength (left claw)
 n - a +3 ring of dexterity (right claw)
Wands
 l - a wand of lightning (7/15)
Scrolls
 i - 2 scrolls of blinking
 k - 3 scrolls of remove curse
Potions
 d - 5 potions of curing
 e - 3 potions of heal wounds
 g - 4 potions of magic
 h - a potion of berserk rage
 j - a potion of invisibility


   Skills:
 + Level 13.4 Fighting
 - Level 2.4 Axes
 + Level 6.1 Dodging


You had 7 spell levels left.
You didn't know any spells.

Dungeon Overview and Level Annotations

Branches:
Dungeon (1/1)

Altars:
Cheibriados
Dithmenos
Elyvilon
Fedhas
Gozag
Kikubaaqudgha
Makhleb
Nemelex Xobeh
Okawaru
Pakellas
Qazlal
Ru
Sif Muna
Trog
Vehumet
Xom
Yredelemnul
Zin
The Shining One
Beogh
Jiyva
Lugonu


Innate Abilities, Weirdness & Mutations

You are too large for most types of armour.
You have claws for hands.
Your metabolism is lightning-fast.
You like to eat raw meat.
You heal very quickly.
You are covered in fur (AC +1).
You have very tough skin (AC +2).


Message History

Something hits you but does no damage.
You miss something.
Something hits you but does no damage. x2
Something hits you!
* * * LOW HITPOINT WARNING * * *
You slash something! Trog accepts your kill.
Reactivating autopickup.
Your Fighting skill increases to level 13!
Your Dodging skill gained 4 levels and is now at level 6!
You have reached level 7!
You have reached level 8!
You feel a bit more experienced.
There is an open door to the Dungeon here.
The six-headed hydra bites you!
* * * LOW HITPOINT WARNING * * *
The six-headed hydra barely misses you. The six-headed hydra misses you.
The six-headed hydra completely misses you.
The six-headed hydra bites you but does no damage.
The six-headed hydra bites you!
You die... ▓▓▓▓▓▓▓▓▓▓▓▓▓▓▓▓▓▓▓▓▓▓▓▓▓▓▓▓▓▓▓▓ ________'.?|)[[[@D5F..ZR§§§§§§§. ▓▓▓▓▓▓▓▓▓▓▓▓▓▓▓▓▓▓▓▓▓▓▓▓▓▓▓▓▓▓▓▓

You could see a six-headed hydra, an efreet, a giant frog, a shadow imp and a giant gecko skeleton.

Vanquished Creatures
  An unseen horror (D)
  A troll (D)
  A hungry ghost (D)
  An ice beast (D)
  A hound (D)
  A worker ant (D)
  A shadow imp (D)
  An adder skeleton (D)
  A dart slug (D)
  A giant gecko (D)
  An orc (D)
  2 giant cockroaches (D)
  3 hobgoblins (D)
  A rat (D)
17 creatures vanquished.

Notes
Turn   | Place    | Note
--------------------------------------------------------------
     0 | D        | tyranidshit the Troll Berserker began the quest for the Orb.
     0 | D        | Reached XP level 1. HP: 22/22 MP: 0/0
     7 | D        | Reached skill level 3 in Fighting
    15 | D        | Reached ** piety under Trog
    25 | D        | Reached skill level 4 in Fighting
    40 | D        | Noticed a worker ant
    45 | D        | Reached XP level 2. HP: 32/32 MP: 1/1
    46 | D        | Reached *** piety under Trog
    50 | D        | Reached skill level 5 in Fighting
    50 | D        | Reached XP level 3. HP: 44/44 MP: 2/2
    53 | D        | Reached skill level 6 in Fighting
    56 | D        | Reached **** piety under Trog
    61 | D        | Found a glowing silver altar of Zin.
    61 | D        | Found a glowing golden altar of the Shining One.
    61 | D        | Found an ancient bone altar of Kikubaaqudgha.
    61 | D        | Found a basalt altar of Yredelemnul.
    61 | D        | Found a shimmering altar of Xom.
    61 | D        | Found a radiant altar of Vehumet.
    62 | D        | Found an iron altar of Okawaru.
    63 | D        | Found a burning altar of Makhleb.
    64 | D        | Found a deep blue altar of Sif Muna.
    65 | D        | Found a bloodstained altar of Trog.
    66 | D        | Found a sparkling altar of Nemelex Xobeh.
    67 | D        | Found a white marble altar of Elyvilon.
    68 | D        | Found a roughly hewn altar of Beogh.
    69 | D        | Found a viscous altar of Jiyva.
    70 | D        | Found a corrupted altar of Lugonu.
    71 | D        | Found a blossoming altar of Fedhas.
    72 | D        | Found a snail-covered altar of Cheibriados.
    73 | D        | Found a shadowy altar of Dithmenos.
    74 | D        | Found a stormy altar of Qazlal.
    75 | D        | Found an opulent altar of Gozag.
    76 | D        | Found a sacrificial altar of Ru.
    77 | D        | Found an oddly glowing altar of Pakellas.
   125 | D        | Noticed a hungry ghost
   125 | D        | Noticed an ice beast
   125 | D        | Noticed a troll
   157 | D        | Killed a hungry ghost
   157 | D        | Reached skill level 9 in Fighting
   157 | D        | Reached XP level 4. HP: 58/59 MP: 3/3
   157 | D        | Reached XP level 5. HP: 65/67 MP: 4/4
   174 | D        | Killed an ice beast
   174 | D        | Reached skill level 10 in Fighting
   175 | D        | Reached XP level 6. HP: 79/79 MP: 5/5
   177 | D        | Reached skill level 11 in Fighting
   181 | D        | Killed a troll
   181 | D        | Reached skill level 12 in Fighting
   204 | D        | Got the +2 rapier "Jirex" {drain, rPois rC+ Str+5}
   217 | D        | Noticed a six-headed hydra
   217 | D        | Noticed an efreet
   243 | D        | HP: 2/84 [something (7)]
   244 | D        | Killed an unseen horror
   244 | D        | Reached skill level 13 in Fighting
   244 | D        | Reached XP level 7. HP: 2/93 MP: 6/6
   244 | D        | Reached XP level 8. HP: 2/102 MP: 7/7
   252 | D        | HP: 1/102 [six-headed hydra (8)]
   252 | D        | Mangled by a six-headed hydra

Skill      XL: |  1  2  3  4  5  6 |
---------------+-------------------+-----
Fighting       | 4 5 9 10 13 | 13.4
Dodging        | 6 |  6.1
Axes           | |  2.4

Action                   |  1- 3 |  4- 6 |  7- 9 || total
-------------------------+-------+-------+-------++-------
Melee: Hand axe          |    36 |       |       ||    36
       Scimitar          |    29 |    42 |       ||    71
Invok: Berserk           |     2 |     1 |       ||     3
       Trog's Hand       |     2 |     1 |       ||     3
  Use: Potion            |     1 |       |       ||     1
  Eat: Bread ration      |     1 |     1 |       ||     2
Armor: Animal skin       |    23 |    38 |     1 ||    62
Dodge: Dodged            |    31 |    12 |     3 ||    46
